AoeStats
← cfosorioq

Arena

508138072Analyzed
4v4 RM · 11d ago on Sep 21, 2026· 48m 37s· 8 players
Game mode
Random Map
Map size
Large (8 player)
Population
200
Speed
Normal
Resources
Standard
Victory
Conquest
Starting age
Dark Age
Ending age
Imperial Age
RankedLock teamsTeams togetherTeam positionsShared explorationLock speedFull tech treeHidden civsTurbo modeCheats
Victory
Defeat
🇨🇴 Lithuanians · Colombia
1123
+14
🇨🇴 Turks · Colombia
1116
+14
🇨🇴 Persians · Colombia
1099
+15
🇨🇴 Mongols · Colombia
922
+21
🇺🇸 Mongols · United States
1180
-21
🇺🇸 Armenians · United States
1096
-17
🇺🇸 Franks · United States
1076
-16
🇺🇸 Britons · United States
903
-20
Blaynardo
10:59 Feudal Age
12:42 Loom
15:07 Castle Age
12:54 Double-Bit Axe
14:35 Horse Collar
14:42 Loom
15:16 Light Cavalry
16:24 Bow Saw
19:52 Bloodlines
22:45 Forging
23:21 Husbandry
24:09 Wheelbarrow
24:19 Fletching
25:01 Padded Archer Armor
26:37 Scale Barding Armor
28:56 Stone Mining
29:34 Bodkin Arrow
30:55 Chain Barding Armor
31:50 Ballistics
31:47 Leather Archer Armor
32:38 Gold Mining
42:37 Imperial Age
43:37 Bracer
44:22 Heavy Plow
44:19 Hussar
45:42 Conscription
45:59 Iron Casting
goldenknife_95
3:36 Loom
13:28 Feudal Age
15:04 Wheelbarrow
14:14 Town Watch
15:53 Horse Collar
16:37 Double-Bit Axe
17:22 Padded Archer Armor
17:13 Fletching
16:55 Man-at-Arms
17:50 Forging
17:41 Scale Mail Armor
21:23 Castle Age
19:52 Gold Mining
20:32 Stone Mining
22:19 Elite Skirmisher
23:20 Leather Archer Armor
23:11 Squires
22:34 Long Swordsman
23:53 Hand Cart
24:37 Town Patrol
24:35 Pikeman
31:44 Bodkin Arrow
32:25 Iron Casting
31:57 Scale Barding Armor
38:15 Husbandry
JT_5
11:14 Feudal Age
15:40 Castle Age
13:54 Double-Bit Axe
14:46 Horse Collar
15:09 Scale Mail Armor
16:31 Wheelbarrow
16:50 Squires
23:29 Gambesons
23:55 Heavy Plow
23:48 Pikeman
25:40 Forging
25:45 Chain Mail Armor
29:26 Imperial Age
27:09 Fortified Wall
28:04 Town Watch
28:35 Hand Cart
28:07 Loom
29:10 Stone Mining
29:11 Gold Mining
29:34 Bow Saw
29:15 Man-at-Arms
30:32 Iron Casting
30:59 Plate Mail Armor
30:13 Long Swordsman
32:32 Blast Furnace
31:29 Two-Handed Swordsman
34:03 Fereters
35:03 Conscription
34:24 Champion
38:40 Heavy Scorpion
45:23 Onager
BUZZLIGHTHOLE
11:25 Feudal Age
15:56 Castle Age
17:17 Double-Bit Axe
18:08 Forging
20:27 Loom
21:17 Wheelbarrow
23:20 Scale Barding Armor
22:46 Elite Skirmisher
24:31 Pikeman
35:31 Hand Cart
36:23 Iron Casting
41:50 Imperial Age
40:37 Fletching
40:48 Padded Archer Armor
42:08 Cavalier
44:28 Paladin
ojrguio
11:08 Feudal Age
15:35 Castle Age
15:26 Loom
16:20 Wheelbarrow
15:31 Horse Collar
15:37 Double-Bit Axe
17:07 Loom
24:23 Town Watch
24:14 Pikeman
25:49 Bow Saw
26:21 Heavy Plow
29:34 Gold Mining
29:35 Stone Mining
30:36 Forging
30:17 Fletching
30:02 Elite Skirmisher
34:26 Imperial Age
32:17 Thumb Ring
32:10 Bodkin Arrow
32:16 Padded Archer Armor
33:29 Iron Casting
36:16 Bracer
36:31 Leather Archer Armor
36:16 Scale Mail Armor
36:49 Conscription
38:00 Two-Man Saw
38:32 Chemistry
38:03 Ballistics
41:21 Crossbowman
48:29 Ring Archer Armor
48:14 Chain Mail Armor
48:05 Scale Barding Armor
cfosorioq
10:54 Feudal Age
13:03 Loom
14:12 Forging
14:14 Bloodlines
16:24 Castle Age
14:52 Forging
17:03 Bloodlines
17:19 Double-Bit Axe
22:07 Bow Saw
30:26 Wheelbarrow
30:22 Husbandry
30:30 Scale Barding Armor
33:15 Iron Casting
33:30 Hand Cart
34:06 Chain Barding Armor
34:42 Gold Mining
38:38 Gold Shaft Mining
44:54 Imperial Age
44:31 Heavy Camel Rider
46:52 Blast Furnace
daternera
7:49 Loom
12:09 Feudal Age
17:30 Castle Age
15:52 Double-Bit Axe
21:07 Gold Mining
30:11 Scale Barding Armor
31:04 Wheelbarrow
31:00 Fortified Wall
31:14 Ballistics
31:17 Masonry
31:30 Forging
31:43 Chain Barding Armor
33:44 Iron Casting
33:05 Fletching
35:01 Gold Shaft Mining
34:20 Stone Mining
36:17 Bow Saw
36:37 Padded Archer Armor
36:40 Bodkin Arrow
44:06 Leather Archer Armor
46:26 Imperial Age
caaruizma
11:47 Feudal Age
13:10 Double-Bit Axe
16:09 Castle Age
20:23 Imperial Age
23:39 Wheelbarrow
29:01 Hand Cart
46:00 Bow Saw
48:12 Gold Mining
Connection lost

Rejoining the realm…

Still unreachable

The connection could not be restored.

Session expired

The server has moved on; the page needs a fresh start.